 Dungeon Crawl Stone Soup version 0.20.0-15-g7f486f2 (webtiles) character file.

3591 RaHiT the Grappler (level 10, -3/83 HPs)
             Began as a Ghoul Gladiator on June 21, 2017.
             Was a High Priest of Okawaru.
             Slain by a two-headed ogre
             ... wielding a +0 giant club
              (20 damage)
             ... on level 8 of the Dungeon.
             The game lasted 00:28:55 (5247 turns).

RaHiT the Grappler (Ghoul Gladiator)                Turns: 5247, Time: 00:28:56

Health: -3/83      AC:  9    Str: 22      XL:     10   Next: 10%
Magic:  9/9        EV: 12    Int:  2 (3)  God:    Okawaru [*****.]
Gold:   318        SH:  0    Dex:  9 (10) Spells: 9/9 levels left

rFire    + + .     SeeInvis .     - Unarmed
rCold    + . .     Gourm    .   (no shield)
rNeg     + + +     Faith    .   a - +3 salamander hide armour {+Rage rF++}
rPois    ∞         Spirit   .   b - +1 helmet
rElec    .         Reflect  .   (no cloak)
rCorr    .         Harm     .   (no gloves)
MR       .....                  (no boots)
Stlth    +.........             j - amulet of regeneration
Regen    0.0/turn               (no ring)
MPRegen  0.2/turn               (no ring)

@: flying, rotting
A: rotting body, claws 1, carnivore 3, cold resistance 1, negative energy
resistance 3, inhibited regeneration, torment resistance, unbreathing
a: Heroism, Finesse, Renounce Religion


You were on level 8 of the Dungeon.
You worshipped Okawaru.
Okawaru was extremely pleased with you.
You were not hungry.

You visited 1 branch of the dungeon, and saw 8 of its levels.
You also visited: Sewer.

You collected 318 gold pieces.

Inventory:

Hand Weapons
 s - a +1 blowgun
 w - the +5 flail of Wiangog {flame, Str+2}
   (You found it on level 4 of the Dungeon)

   It has been specially enchanted to burn those struck by it, causing extra
   injury to most foes and up to half again as much damage against particularly
   susceptible opponents.
   It affects your strength (+2).
Missiles
 e - 22 poisoned needles
 q - 5 throwing nets (quivered)
Armour
 a - the +3 salamander hide armour (worn) {+Rage rF++}
   (You found it on level 4 of the Dungeon)

   It greatly protects you from fire.
   It lets you go berserk.
 b - a +1 helmet (worn)
 c - a +0 shield
 y - a +1 ring mail of fire resistance
 A - a +2 chain mail of fire resistance
Jewellery
 j - an amulet of regeneration (around neck)
Wands
 r - a wand of acid (12/15)
 C - a wand of flame (16/48)
 F - a wand of polymorph (19/24)
Scrolls
 g - a scroll of fog
 h - a scroll of immolation
 l - 2 scrolls of fear
 m - 6 scrolls of remove curse
 p - 2 scrolls of teleportation
 u - a scroll of amnesia
 x - a scroll of recharging
 D - 3 scrolls of noise
 E - a scroll of magic mapping
Potions
 f - 6 potions of curing {unknown}
 i - 3 potions of flight
 k - a potion of cancellation
 o - 2 potions of heal wounds
 t - a potion of lignification {unknown}
 v - a potion of magic
Comestibles
 d - 5 meat rations
 z - 2 royal jellies
 B - 2 chunks of flesh


   Skills:
 * Level 6.1 Fighting
 - Level 1.7 Throwing
 + Level 6.5 Armour
 - Level 3.1 Dodging
 - Level 12.0 Unarmed Combat


You had 9 spell levels left.
You didn't know any spells.

Dungeon Overview and Level Annotations

Branches:
Dungeon (8/15)             Temple (0/1) D:5
   Lair: D:8-11

Altars:
Cheibriados
Gozag
Makhleb
Okawaru
Sif Muna
Xom
Yredelemnul
The Shining One

Shops:
D:6 =


Innate Abilities, Weirdness & Mutations

Your body is rotting away.
You thrive on raw meat.
You are immune to poison.
You have sharp fingernails.
You are carnivorous and can eat meat at any time.
Your flesh is cold resistant. (rC+)
You are immune to negative energy. (rN+++)
You do not regenerate when monsters are visible.
You are immune to unholy pain and torment.
You can survive without breathing.


Message History

The two-headed ogre hits you with a giant club!!
The two-headed ogre hits you with a giant club!
You scratch the two-headed ogre.
The two-headed ogre is lightly wounded.
You mangle the two-headed ogre!!
The two-headed ogre is heavily wounded.
The two-headed ogre closely misses you.
The two-headed ogre hits you with a giant club.
You mangle the two-headed ogre!! Your claw misses the two-headed ogre.
The two-headed ogre is almost dead.
The two-headed ogre hits you with a giant club!
The two-headed ogre hits you with a giant club!!
* * * LOW HITPOINT WARNING * * *
You barely miss the two-headed ogre.
The two-headed ogre is almost dead.
You scratch the two-headed ogre.
The two-headed ogre is almost dead.
The two-headed ogre barely misses you.
The two-headed ogre hits you with a giant club!!
You die...

#.# #.# #.#
#.# #.# #.#
### #.#
.....#######.#
.....aO@.....#
##############


You could see a two-headed ogre and a worker ant.

Vanquished Creatures
  The ghost of ciphuk the Slicer, a novice KoBe of Trog (D:8)
  A hippogriff (D:7)
  4 yaks (D:6)
  2 ice beasts
  2 orc warriors
  Purgy (Sewer)
  5 ogres
  A sky beast (D:4)
  A black bear (D:7)
  3 phantoms
  2 centaurs
  2 bullfrogs
  A scorpion (D:4)
  A killer bee (D:7)
  2 crimson imps
  A quasit (D:7)
  An orc priest (D:7)
  A hound (D:4)
  A jelly (D:8)
  Jessica (D:2)
  A bullfrog skeleton (D:6)
  2 iguanas
  4 worker ants
  3 orc wizards
  A killer bee zombie (D:6)
  A hound skeleton (D:4)
  2 adders
  A shadow imp (D:6)
  An ooze (D:1)
  A worm (D:6)
  A dart slug (D:2)
  2 leopard geckos
  22 orcs
  2 bats (D:2)
  10 giant cockroaches
  8 hobgoblins
  10 jackals
  2 quokkas (D:6)
  4 ball pythons
  4 frilled lizards
  7 goblins
  A jackal skeleton (D:6)
  A jackal zombie (D:6)
  6 kobolds
  A leopard gecko zombie (D:5)
  A quokka skeleton (D:4)
  7 rats
140 creatures vanquished.

Vanquished Creatures (others)
  5 dream sheep (D:3)
5 creatures vanquished.

Grand Total: 145 creatures vanquished

Notes
Turn   | Place    | Note
-------+----------+-------------------------------------------
     0 | D:1      | RaHiT the Ghoul Gladiator began the quest for the Orb.
     0 | D:1      | Reached XP level 1. HP: 17/17 MP: 0/0
    50 | D:1      | Reached XP level 2. HP: 24/25 MP: 1/1
   251 | D:1      | Found a snail-covered altar of Cheibriados.
   767 | D:2      | Found a glowing golden altar of the Shining One.
   769 | D:2      | Noticed an angel
   773 | D:2      | Reached skill level 4 in Unarmed Combat
   798 | D:2      | Reached XP level 3. HP: 28/28 MP: 2/2
   890 | D:2      | Noticed Jessica
   900 | D:2      | Killed Jessica
   934 | D:2      | Reached XP level 4. HP: 35/37 MP: 3/3
  1094 | D:2      | Found a basalt altar of Yredelemnul.
  1100 | D:2      | Noticed a profane servitor
  1436 | D:3      | Found an iron altar of Okawaru.
  1499 | D:3      | Became a worshipper of Warmaster Okawaru
  1744 | D:3      | Noticed a centaur
  1754 | D:3      | Killed a centaur
  1754 | D:3      | Reached skill level 5 in Unarmed Combat
  1754 | D:3      | Reached XP level 5. HP: 31/45 MP: 4/4
  1874 | D:3      | Noticed a dream sheep
  1874 | D:3      | Noticed a dream sheep
  1874 | D:3      | Noticed a dream sheep
  1874 | D:3      | Noticed a dream sheep
  1874 | D:3      | Noticed a dream sheep
  1874 | D:3      | Found a shimmering altar of Xom.
  1879 | D:3      | Killed a dream sheep
  1879 | D:3      | Killed a dream sheep
  1879 | D:3      | Killed a dream sheep
  1879 | D:3      | Killed a dream sheep
  1880 | D:3      | Killed a dream sheep
  2104 | D:4      | Got an encrusted flail
  2105 | D:4      | Identified the +5 flail of Wiangog {flame, Str+2} (You found it on level 4 of the Dungeon)
  2195 | D:4      | Noticed an ice beast
  2202 | D:4      | Killed an ice beast
  2202 | D:4      | Reached * piety under Okawaru
  2202 | D:4      | Reached skill level 6 in Unarmed Combat
  2202 | D:4      | Reached XP level 6. HP: 15/52 MP: 5/5
  2440 | D:4      | Noticed a sky beast
  2453 | D:4      | Killed a sky beast
  2453 | D:4      | Reached skill level 1 in Armour
  2535 | D:4      | Reached skill level 7 in Unarmed Combat
  2535 | D:4      | Reached XP level 7. HP: 36/59 MP: 6/6
  2564 | D:4      | Found an opulent altar of Gozag.
  2807 | D:5      | Entered Level 5 of the Dungeon
  3095 | D:5      | Reached ** piety under Okawaru
  3095 | D:5      | Reached skill level 8 in Unarmed Combat
  3204 | D:5      | Reached XP level 8. HP: 66/66 MP: 7/7
  3254 | D:5      | Found a staircase to the Ecumenical Temple.
  3313 | D:5      | Reached skill level 9 in Unarmed Combat
  3447 | D:6      | Found Eduicug's Jewellery Shoppe.
  3464 | D:6      | Found a deep blue altar of Sif Muna.
  3468 | D:6      | Found a glowing drain.
  3479 | Sewer    | Entered a sewer
  3551 | Sewer    | Noticed Purgy
  3562 | Sewer    | Killed Purgy
  3712 | D:6      | Found a snail-covered altar of Cheibriados.
  3862 | D:5      | Reached *** piety under Okawaru
  3886 | D:6      | Reached skill level 10 in Unarmed Combat
  3962 | D:6      | Noticed a yak
  3962 | D:6      | Noticed a yak
  3963 | D:6      | Noticed a yak
  3963 | D:6      | Noticed a yak
  3979 | D:6      | Killed a yak
  3979 | D:6      | Reached XP level 9. HP: 71/71 MP: 8/8
  4003 | D:6      | Reached **** piety under Okawaru
  4003 | D:6      | Reached skill level 5 in Armour
  4003 | D:6      | Reached skill level 11 in Unarmed Combat
  4198 | D:6      | Found a burning altar of Makhleb.
  4859 | D:7      | Reached skill level 12 in Unarmed Combat
  5021 | D:7      | Reached ***** piety under Okawaru
  5213 | D:8      | Noticed ciphuk's ghost (novice KoBe)
  5227 | D:8      | Killed ciphuk's ghost
  5227 | D:8      | Reached XP level 10. HP: 78/83 MP: 9/9
  5238 | D:8      | Noticed a two-headed ogre
  5247 | D:8      | Slain by a two-headed ogre

Skill      XL: |  1  2  3  4  5  6  7  8  9 |
---------------+----------------------------+-----
Unarmed Combat | 4 5 6 7 8 10 12 | 12.0
Dodging        | 3 |  3.1
Fighting       | 3 4 6 |  6.1
Armour         | 1 2 4 6 |  6.5
Throwing       | |  1.7

Action                   |  1- 3 |  4- 6 |  7- 9 | 10-12 || total
-------------------------+-------+-------+-------+-------++-------
Melee: Unarmed           |    68 |    67 |   307 |     6 ||   448
       Punch             |     1 |       |    10 |     1 ||    12
       Flail             |       |    33 |    11 |       ||    44
 Fire: Blowgun           |       |     3 |       |       ||     3
Throw: Throwing net      |     3 |       |       |       ||     3
Evoke: Wand              |       |       |     1 |       ||     1
  Use: Scroll            |       |     7 |     9 |       ||    16
       Potion            |       |       |     4 |       ||     4
 Stab: Held in net/web   |     1 |       |       |       ||     1
  Eat: Chunk             |    10 |    27 |    59 |       ||    96
Armor: Leather armour    |    12 |    22 |   105 |       ||   139
       Chain mail        |       |     3 |       |       ||     3
Dodge: Dodged            |    44 |    55 |   182 |     2 ||   283
Block: Shield            |       |     1 |       |       ||     1
